Map: Thunderbird LE

Players

anogashy

  • Race: Terran Terran
  • League: Diamond
  • Spawn Location: 11:00

Lyra - Winner!

  • Race: Terran Terran
  • League: Master
  • Spawn Location: 5:00

VOD

Have the link to the VOD?

Description

Time

  • Played on: Aug. 13, 2019, 9:57 p.m.
  • Length: 9:47
Show
View Real Time Build Order
Export as new Build Order

anogashy Terran 

Build Orders: 2 Factory 

Get SALT Encoding   

  12  0:00  SCV  
  13  0:13  SCV  
  14  0:17  Supply Depot  
  14  0:25  SCV  
  15  0:28  Refinery  
  15  0:39  SCV  
  16  0:46  Barracks  
  16  0:52  Refinery  
  16  0:54  SCV  
  17  1:06  SCV  
  18  1:18  SCV  
  19  1:31  SCV  
  20  1:34  Reaper  
  21  1:42  Factory  
  21  1:46  Orbital Command  
  21  1:53  Supply Depot  
  21  2:08  Reaper  
  21  2:12  SCV  
  22  2:26  Hellion  
  24  2:30  SCV  
  25  2:43  Command Center  
  25  2:44  SCV  
  25  2:50  Reaper  
  29  2:56  SCV  
  30  3:03  Factory  
  28  3:08  Starport  
  28  3:09  SCV  
  29  3:13  Factory Tech Lab  
  29  3:21  SCV  
  29  3:23  Barracks Reactor  
  30  3:38  Supply Depot  
  30  3:47  Starport Tech Lab  
  30  3:54  Cyclone  
  30  3:55  SCV, Orbital Command  
  34  4:01  Marine x2  
  36  4:05  Supply Depot  
  36  4:06  Raven  
  36  4:07  SCV  
  39  4:14  Command Center  
  39  4:19  SCV  
  39  4:21  Engineering Bay  
  39  4:23  Marine x2  
  43  4:32  Engineering Bay  
  42  4:38  SCV  
  42  4:39  Refinery, SCV  
  42  4:43  Siege Tank  
  42  4:44  Marine  
  48  4:46  Marine  
  49  4:55  SCV  
  49  4:56  SCV  
  51  5:02  Refinery  
  51  5:08  SCV x2  
  51  5:09  Supply Depot, Marine x2  
  55  5:20  SCV x2, Raven  
  59  5:32  SCV x2  
  59  5:33  Orbital Command  
  61  5:37  Supply Depot, Marine  
  61  5:38  Marine  
  61  5:39  Siege Tank  
  66  5:44  SCV  
  66  5:45  SCV  
  68  5:53  Barracks  
  68  5:54  Barracks  
  68  5:55  Terran Infantry Armor Level 1  
  68  5:56  SCV  
  69  5:57  Terran Infantry Weapons Level 1  
  69  6:00  SCV  
  70  6:13  Siege Tank  
  70  6:14  SCV  
  70  6:17  SCV, Supply Depot  
  76  6:19  Orbital Command  
  76  6:24  Marine  
  76  6:26  Stimpack  
  76  6:28  SCV  
  76  6:31  Supply Depot  
  77  6:34  SCV  
  77  6:37  Barracks  
  77  6:38  Barracks  
  78  6:40  Armory, SCV  
  78  6:45  SCV  
  78  6:46  SCV  
  53  7:05  Marine x2  
  53  7:07  Viking x2, SCV  
  47  7:13  Marine  
  49  7:23  Marine x2  
  41  7:31  Marine x2  
  41  7:32  Marine  
  39  7:38  Orbital Command  
  39  7:41  Viking x2, Siege Tank, Marine x2  
  45  7:49  Marine x3  
  43  7:59  Marine x2  
  45  8:07  Marine x3  
  42  8:17  Marine  
  43  8:23  Marine  
  43  8:25  Marine  
  44  8:30  SCV  
  44  8:31  SCV  
  46  8:37  Orbital Command  
  35  8:53  Marine x4  
  31  9:00  Marine  
  30  9:14  Marine x2  
  32  9:20  Marine x2  
  32  9:21  Marine  
Show
View Real Time Build Order
Export as new Build Order

Lyra Terran - Winner!

Build Orders:  

Get SALT Encoding   

  12  0:01  SCV  
  13  0:13  SCV  
  14  0:17  Supply Depot  
  14  0:25  SCV  
  15  0:29  Refinery  
  15  0:38  SCV  
  16  0:45  Barracks  
  16  0:50  SCV  
  16  0:56  Refinery  
  17  1:02  SCV  
  18  1:15  SCV  
  19  1:35  Orbital Command  
  19  1:38  Reaper, Factory  
  20  1:44  Supply Depot  
  20  2:00  SCV  
  21  2:10  Reaper  
  21  2:12  SCV  
  23  2:23  Hellion  
  23  2:25  SCV  
  26  2:34  Command Center  
  26  2:37  SCV  
  27  2:42  Reaper  
  28  2:44  Hellion  
  28  2:49  SCV, Supply Depot  
  31  2:55  Starport  
  31  3:09  Factory Tech Lab  
  31  3:10  SCV  
  32  3:14  Barracks Tech Lab  
  32  3:23  SCV  
  33  3:30  Cyclone  
  33  3:31  Refinery  
  36  3:35  SCV  
  36  3:39  Raven  
  39  3:47  SCV, Orbital Command  
  40  3:48  Barracks Reactor  
  40  3:57  Supply Depot  
  40  3:59  SCV  
  41  4:04  Cyclone  
  44  4:11  SCV  
  44  4:15  SCV  
  46  4:23  SCV, Supply Depot  
  47  4:27  SCV  
  47  4:28  Raven  
  50  4:35  SCV  
  50  4:38  Command Center  
  51  4:39  SCV, Marine  
  51  4:40  Marine  
  54  4:47  SCV, Siege Tank  
  54  4:51  SCV  
  59  4:54  Refinery  
  59  4:59  SCV, Marine x2  
  62  5:03  SCV  
  63  5:11  SCV, Supply Depot  
  64  5:15  SCV  
  64  5:19  Siege Tank  
  68  5:23  SCV  
  68  5:27  SCV  
  70  5:29  Stimpack  
  70  5:32  Viking x2, Marine  
  70  5:34  Supply Depot  
  75  5:36  SCV  
  75  5:39  SCV  
  77  5:45  Engineering Bay  
  77  5:47  Engineering Bay  
  77  5:48  SCV  
  78  5:50  Marine  
  78  5:51  SCV, Siege Tank  
  78  5:55  Orbital Command  
  83  6:02  Viking  
  83  6:03  Viking  
  87  6:10  SCV x2, Orbital Command  
  89  6:12  Marine  
  89  6:16  Terran Infantry Weapons Level 1  
  90  6:18  Supply Depot  
  90  6:23  Terran Infantry Armor Level 1, Siege Tank  
  93  6:29  Barracks  
  93  6:30  Barracks, Marine  
  94  6:34  SCV x2  
  96  6:48  Marine  
  97  6:55  Siege Tank  
  97  6:58  Viking x2  
  97  7:00  Supply Depot  
  93  7:02  Supply Depot  
  93  7:06  Marine  
  87  7:17  Barracks Reactor x2  
  87  7:18  Barracks  
  87  7:19  Barracks  
  87  7:20  Refinery, SCV  
  87  7:21  SCV x2  
  87  7:22  Refinery  
  87  7:27  Siege Tank  
  87  7:30  Supply Depot  
  87  7:32  Armory, SCV, Supply Depot  
  87  7:33  SCV x2  
  90  7:45  SCV x2, Marine  
  90  7:51  SCV  
  92  7:56  Marine x4  
  92  7:57  SCV x2, Medivac x2  
  102  7:59  Combat Shield, Siege Tank  
  102  8:03  SCV, Marine  
  107  8:09  SCV x2  
  107  8:10  Barracks Reactor x2  
  106  8:14  Marine x4  
  106  8:15  SCV  
  111  8:20  Marine  
  111  8:21  SCV x2  
  114  8:27  SCV, Command Center  
  114  8:31  Barracks x2, Siege Tank  
  114  8:33  SCV x2  
  117  8:46  Marine x5  
  117  8:47  Medivac x2, Marine x3  
  118  8:59  Factory  
  118  9:04  Siege Tank  
  118  9:06  Marine x8  
  127  9:16  Marine  
  126  9:24  Marine x5  
  128  9:29  Supply Depot  
  133  9:31  Supply Depot  
  133  9:34  Supply Depot  
Tags
 
Matchup
TvT
Opening
2 Factory
Race
Terran
Spawn Locations
Cross Positions
Add a new tag
Caveats
  • Supply blocks, unpowered buildings, or Contaminate may cause inaccurate times.
  • Supply counts are checked every 10 seconds.